AoeStats
← polom.s1989

Oasis

509096861Analyzed
4v4 RM · 7d ago on Sep 25, 2026· 16m 53s· 8 players
Game mode
Random Map
Map size
Large (8 player)
Population
200
Speed
Normal
Resources
Standard
Victory
Conquest
Starting age
Dark Age
Ending age
Imperial Age
RankedLock teamsTeams togetherTeam positionsShared explorationLock speedFull tech treeHidden civsTurbo modeCheats
Victory
Defeat
🇨🇳 Varangians · China
1621
+11
🇨🇳 Khmer · China
1620
+11
🇨🇳 Ethiopians · China
1470
+17
🇨🇳 Danes · China
1087
+29
🇨🇿 Gurjaras · Czechia
1491
-17
🇧🇷 Ethiopians · Brazil
1485
-17
🇩🇪 Cumans · Germany
1478
-17
🇩🇪 Britons · Germany
1474
-17
王小牛
6:54 Loom
9:18 Feudal Age
11:55 Fletching
14:12 Double-Bit Axe
心如止水
6:33 Loom
8:54 Feudal Age
9:26 Double-Bit Axe
13:22 Scale Barding Armor
15:40 Forging
若梦子凡
6:21 Loom
9:12 Feudal Age
11:40 Bloodlines
11:48 Double-Bit Axe
12:50 Wheelbarrow
12:20 Horse Collar
鱼鱼口
4:06 Loom
11:56 Feudal Age
16:31 Castle Age
14:37 Double-Bit Axe
15:36 Horse Collar
Sergeantmilan97
9:40 Feudal Age
10:30 Double-Bit Axe
14:27 Wheelbarrow
13:43 Loom
polom.s1989
0:27 Loom
5:10 Loom
10:52 Feudal Age
11:54 Double-Bit Axe
11:51 Horse Collar
16:54 Castle Age
16:34 Bloodlines
Ficki-T-E
6:45 Loom
9:33 Feudal Age
10:17 Double-Bit Axe
11:03 Fletching
11:48 Padded Archer Armor
Mr Diniz
6:27 Loom
9:21 Feudal Age
9:54 Double-Bit Axe
11:52 Horse Collar
13:18 Wheelbarrow
19:08 Castle Age
Connection lost

Rejoining the realm…

Still unreachable

The connection could not be restored.

Session expired

The server has moved on; the page needs a fresh start.